 Dungeon Crawl Stone Soup version 0.25.1-8-g42b30a86e7 (webtiles) character file.

Game seed: 8777790295183173334

10600 zeroc00l the Nimble (level 11, -2/53 HPs)
             Began as a Spriggan Earth Elementalist on Dec 21, 2020.
             Was a Priest of Vehumet.
             Killed from afar by a smoke demon (7 damage)
             ... with a ball of steam
             ... in a Gauntlet.
             The game lasted 01:09:05 (14692 turns).

zeroc00l the Nimble (Spriggan Earth Elementalist)  Turns: 14692, Time: 01:09:05

Health: -2/53      AC:  4    Str:  4    XL:     11   Next: 38%
Magic:  19/24      EV: 27    Int: 20    God:    Vehumet [***...]
Gold:   497        SH:  5    Dex: 17    Spells: 2/26 levels left

rFire    . . .     SeeInvis +   a - +4 quarterstaff (chaos)
rCold    . . .     Gourm    .   (shield currently unavailable)
rNeg     + . .     Faith    .   y - +0 robe
rPois    .         Spirit   .   (helmet restricted)
rElec    .         Reflect  +   B - +1 cloak
rCorr    .         Harm     .   (gloves unavailable)
MR       +....     NoTele   +   (boots unavailable)
Stlth    +++.......             s - amulet of reflection
HPRegen  0.17/turn              x - ring of positive energy
MPRegen  0.19/turn              (no ring)

@: very quick
A: very small, unfitting armour, see invisible, herbivore, speed 3, slow
metabolism 2
a: Renounce Religion


You were in a Gauntlet.
You worshipped Vehumet.
Vehumet was most pleased with you.
You were not hungry.

You visited 3 branches of the dungeon, and saw 12 of its levels.
You also visited: Gauntlet and Ice Cave.

You collected 632 gold pieces.
You spent 135 gold pieces at shops.

Inventory:

Hand Weapons
 a - a +4 quarterstaff of chaos (weapon)
 r - a +0 falchion of holy wrath
Missiles
 g - 140 stones
 m - 11 poisoned darts (quivered)
 o - 5 boomerangs
Armour
 y - a +0 robe (worn)
 B - a +1 cloak (worn)
Magical Staves
 b - an uncursed staff of wizardry
Jewellery
 s - an amulet of reflection (around neck)
 x - a ring of positive energy (left hand)
Wands
 i - a wand of paralysis (5)
 j - a wand of iceblast (4)
 E - a wand of random effects (18)
Scrolls
 h - a scroll of teleportation
 l - 2 scrolls of fog
 w - 6 scrolls of immolation
Potions
 k - 2 potions of heal wounds
 p - 3 potions of curing
 z - 3 potions of haste
Comestibles
 d - 18 rations


   Skills:
 + Level 4.1 Fighting
   Level 6.1 Short Blades
 + Level 4.8 Staves
 - Level 11.0 Dodging
 - Level 6.0 Stealth
 * Level 8.4 Spellcasting
 - Level 4.2 Conjurations
 - Level 4.5 Transmutations
 - Level 2.0 Air Magic
 - Level 7.4 Earth Magic
 - Level 2.0 Poison Magic


You had 2 spell levels left.
You knew the following spells:

 Your Spells              Type           Power        Failure   Level  Hunger
a - Sandblast             Erth           #####.       1%          1    None
b - Passwall              Tmut/Erth      ####....     1%          2    None
c - Stone Arrow           Conj/Erth      ####..       1%          3    None
d - Petrify               Tmut/Erth      ####....     7%          4    ###....
e - Lee's Rapid Deconstr  Erth           #####.....   3%          5    #####..
f - Magic Dart            Conj           ####         1%          1    None
g - Mephitic Cloud        Conj/Pois/Air  ###.....     2%          3    None
h - Poisonous Vapours     Pois/Air       ###...       5%          2    None
i - Conjure Flame         Conj/Fire      ###.....     2%          3    None

Your spell library contained the following spells:

 Spells                   Type           Power        Failure   Level  Hunger
 Ignite Poison            Fire/Tmut/Pois ###.....     2%          3    None
 Animate Skeleton         Necr           N/A          9%          1    None
 Apportation              Tloc           #.....       9%          1    None
 Corona                   Hex            #......      9%          1    None
 Infusion                 Chrm           #...         9%          1    None
 Summon Small Mammal      Summ           #...         9%          1    None
 Shroud of Golubria       Chrm/Tloc      #.....       12%         2    None
 Song of Slaying          Chrm           #.......     12%         2    None
 Ozocubu's Armour         Chrm/Ice       #.......     24%         3    None
 Spectral Weapon          Hex/Chrm       #.......     24%         3    None
 Freezing Cloud           Conj/Ice/Air   ###.......   75%         6    ######.
 Ring of Flames           Chrm/Fire      #.........   100%        7    #######


Dungeon Overview and Level Annotations

Branches:
Dungeon (9/15)             Temple (1/1) D:6            Lair (2/6) D:9
  Swamp (0/4) Lair:2        IceCv (visited)         Gauntlet (1/1)
  Snake: Lair:2-4    Spider: Lair:2-4       Orc: D:9-12

Altars:
Ashenzari
Dithmenos
Elyvilon
Makhleb
Okawaru
Qazlal
Trog
Uskayaw
Vehumet
Xom
Yredelemnul
Zin
The Shining One

Shops:
D:5 *

Annotations:
Gauntlet 17 transporters, exclusion: obsidian statue


Innate Abilities, Weirdness & Mutations

You are very small and have problems with some larger weapons.
You are too small for most types of armour.
You have supernaturally acute eyesight. (SInv)
You are a herbivore.
You cover ground extremely quickly.
You need to consume almost no food.


Message History

You closely miss the crimson imp.
The crimson imp hits you but does no damage.
Casting: Stone Arrow (safe; 1% risk of failure)
Confirm with . or Enter, or press ? or * to list all spells.
Aiming: Stone Arrow (safe; 1% risk of failure)
Press: ? - help, Shift-Dir - straight line, f - smoke demon
Aim: a smoke demon (steam, moderately wounded)
The stone arrow hits the smoke demon!
The smoke demon is severely wounded.
You are engulfed in a cloud of scalding steam.
The smoke demon gestures at you. Something smites you!
* * * LOW HITPOINT WARNING * * *
The crimson imp closely misses you.
You feel better.
You are engulfed in a cloud of scalding steam.
* * * LOW HITPOINT WARNING * * *
The smoke demon gestures at you. The ball of steam hits you!
You die...

......Z.#.#.......5.#.#z##©..##z#
........#.#..##.##5.#.#z#.#...#.#
........#.#.##...##.#.#z..##.##.#
........#.#.#.....#.#.##.....##)#
...©....#.#....©....#.###..#...©#
........#.#.#..5..#.#.#zz###.##.#
........#.#.##.3.##.#.###...###}#
........#.#..##§##..#.###.##..#.#
........#.#....5@...#.#...#####.#
#################################
§8≈≈#©.........©.........©#≈§8≈≈#
### #########################
.........©#≈≈§≈8§≈≈≈#©...........
#################################
..#.##......z##.#.........#.#....
#.#.#.#.....#.#.#..##.##..#.#.#..
..#.#..#...#..#.#.#..#..#.#.#..##


You could see a smoke demon, 3 flying skulls and a crimson imp.

Vanquished Creatures
  Harold (D:7)
  2 two-headed ogres
  Joseph (D:7)
  An ice devil (IceCv)
  A red devil (Gauntlet)
  2 hornets (D:9)
  Prince Ribbit (D:6)
  3 hippogriffs
  Grinder (D:6)
  10 yaks (Lair:1)
  A basilisk (Lair:1)
  A hungry ghost (D:8)
  3 water moccasins (Lair:1)
  2 porcupines (D:9)
  5 black bears (D:9)
  2 sky beasts
  An ice beast (Lair:1)
  2 orc warriors
  2 phantoms
  4 ogres
  2 centaurs
  2 crocodiles (Lair:1)
  9 bullfrogs
  A gnoll sergeant (D:9)
  3 scorpions
  4 killer bees (D:8)
  2 howler monkeys
  2 crimson imps
  A centaur zombie (D:9)
  3 orc priests
  2 hounds
  A quasit (D:9)
  A bullfrog skeleton (D:7)
  Crazy Yiuf (D:6)
  2 centaur skeletons (D:9)
  3 iguanas
  4 orc wizards
  9 worker ants
  A hound skeleton (D:8)
  2 worker ant zombies
  A howler monkey skeleton (D:7)
  14 gnolls
  14 adders
  2 shadow imps (D:7)
  3 worms
  5 dart slugs
  4 leopard geckos
  25 orcs
  5 giant cockroaches
  2 goblins
  4 hobgoblins
  7 jackals
  9 kobolds
  6 quokkas
  4 bats
  6 frilled lizards
  A jackal skeleton (D:8)
  A quokka zombie (D:7)
  5 rats
  A butterfly (D:6)
  A fungus (D:9)
  A plant (D:9)
222 creatures vanquished.

Vanquished Creatures (collateral kills)
  A yak (D:9)
  7 ice beasts (Lair:1)
  2 fungi (D:9)
  A plant (D:9)
11 creatures vanquished.

Vanquished Creatures (others)
  A bullfrog (D:9)
  31 fungi (D:9)
  5 plants (D:9)
37 creatures vanquished.

Grand Total: 270 creatures vanquished

Notes
Turn   | Place    | Note
-------+----------+-------------------------------------------
     0 | D:1      | zeroc00l the Spriggan Earth Elementalist began the quest
                  | for the Orb.
     0 | D:1      | Reached XP level 1. HP: 9/9 MP: 5/5
   653 | D:1      | Reached XP level 2. HP: 13/13 MP: 4/6
  1172 | D:2      | Found a bloodstained altar of Trog.
  1224 | D:2      | Noticed a crimson imp
  1235 | D:2      | Killed a crimson imp
  1235 | D:2      | Reached skill level 1 in Short Blades
  1235 | D:2      | Reached XP level 3. HP: 13/16 MP: 0/8
  1239 | D:2      | Learned a level 2 spell: Passwall
  1243 | D:2      | Learned a level 3 spell: Stone Arrow
  2011 | D:2      | Reached skill level 4 in Dodging
  2263 | D:2      | Reached XP level 4. HP: 4/21 MP: 5/10
  2648 | D:3      | Learned a level 4 spell: Petrify
  2940 | D:3      | Noticed a two-headed ogre
  3021 | D:3      | Reached XP level 5. HP: 18/24 MP: 11/11
  3877 | D:3      | Reached skill level 5 in Dodging
  3917 | D:3      | Killed a two-headed ogre
  3917 | D:3      | Reached skill level 7 in Dodging
  3917 | D:3      | Reached skill level 5 in Earth Magic
  3917 | D:3      | Reached XP level 6. HP: 28/28 MP: 9/13
  3917 | D:3      | Reached XP level 7. HP: 32/32 MP: 9/14
  4436 | D:4      | Reached skill level 5 in Short Blades
  4554 | D:4      | Reached skill level 1 in Conjurations
  4644 | D:4      | Reached skill level 1 in Fighting
  4644 | D:4      | Reached XP level 8. HP: 37/37 MP: 15/15
  4657 | D:4      | Learned a level 5 spell: Lee's Rapid Deconstruction
  4730 | D:4      | Reached skill level 8 in Dodging
  5029 | D:5      | Entered Level 5 of the Dungeon
  5372 | D:5      | Found Leta Lia's General Store.
  5381 | D:5      | Bought 17 stones for 23 gold pieces
  5381 | D:5      | Bought 25 stones for 35 gold pieces
  5381 | D:5      | Bought a scroll of immolation for 49 gold pieces
  5381 | D:5      | Bought a scroll of fog for 28 gold pieces
  5863 | D:5      | Found a white marble altar of Elyvilon.
  5863 | D:5      | Found a glowing silver altar of Zin.
  5925 | D:5      | Found a burning altar of Makhleb.
  5925 | D:5      | Found a shimmering altar of Xom.
  5926 | D:5      | Found a radiant altar of Vehumet.
  5927 | D:5      | Found a hide-covered altar of Uskayaw.
  5930 | D:5      | Found a shattered altar of Ashenzari.
  6190 | D:5      | Became a worshipper of Vehumet
  6256 | D:6      | Found a staircase to the Ecumenical Temple.
  6266 | Temple   | Entered the Ecumenical Temple
  6479 | D:6      | Noticed Prince Ribbit
  6495 | D:6      | Noticed Grinder
  6504 | D:6      | Killed Grinder
  6504 | D:6      | Reached skill level 5 in Spellcasting
  7190 | D:6      | Reached skill level 5 in Stealth
  7262 | D:6      | Reached XP level 9. HP: 43/43 MP: 15/18
  7308 | D:6      | Found a runed translucent door.
  7309 | D:6      | Noticed Crazy Yiuf
  7320 | D:6      | Killed Crazy Yiuf
  7549 | D:7      | Found a stormy altar of Qazlal.
  7728 | D:7      | Noticed Joseph
  7875 | D:7      | Reached * piety under Vehumet
  7875 | D:7      | Offered knowledge of Magic Dart by Vehumet.
  8408 | D:7      | Reached skill level 1 in Staves
  8888 | D:7      | Killed Joseph
  9101 | D:7      | Noticed Harold
  9140 | D:7      | Killed Harold
  9140 | D:7      | Reached skill level 9 in Dodging
  9443 | D:7      | Found a shadowy altar of Dithmenos.
  9485 | D:8      | Learned a level 1 spell: Magic Dart
  9530 | D:8      | Found a shattered altar of Ashenzari.
 10036 | D:8      | Learned a level 3 spell: Mephitic Cloud
 10252 | D:8      | Reached XP level 10. HP: 23/49 MP: 9/19
 10418 | D:8      | Reached skill level 1 in Poison Magic
 10531 | D:6      | Killed Prince Ribbit
 10531 | D:6      | Reached skill level 1 in Air Magic
 11220 | D:9      | Reached skill level 10 in Dodging
 11310 | D:9      | Found a staircase to the Lair.
 11324 | D:9      | Reached ** piety under Vehumet
 11324 | D:9      | Offered knowledge of Foxfire by Vehumet.
 11546 | D:9      | Learned a level 2 spell: Poisonous Vapours
 12182 | D:9      | Offered knowledge of Inner Flame by Vehumet.
 12222 | D:9      | Learned a level 3 spell: Conjure Flame
 12422 | D:9      | Noticed a two-headed ogre
 12427 | D:9      | Killed a two-headed ogre
 12600 | Lair:1   | Entered Level 1 of the Lair of Beasts
 12621 | Lair:1   | Reached XP level 11. HP: 53/53 MP: 16/24
 12628 | Lair:1   | Found a frozen archway.
 12631 | Lair:1   | Reached *** piety under Vehumet
 12647 | IceCv    | Entered an ice cave
 13727 | Lair:1   | Offered knowledge of Ignite Poison by Vehumet.
 13742 | Lair:1   | Reached skill level 11 in Dodging
 14231 | Lair:2   | Found a gate leading to a gauntlet.
 14249 | Gauntlet | Entered a Gauntlet
 14249 | Gauntlet | Found a transporter.
 14258 | Gauntlet | Found a transporter.
 14273 | Gauntlet | Found a transporter.
 14278 | Gauntlet | Found a transporter.
 14292 | Gauntlet | Noticed an entropy weaver
 14293 | Gauntlet | Found a transporter.
 14311 | Gauntlet | Noticed a hell hog
 14312 | Gauntlet | Found a transporter.
 14324 | Gauntlet | Found a transporter.
 14324 | Gauntlet | Noticed an obsidian statue
 14336 | Gauntlet | Found a transporter.
 14348 | Gauntlet | Found a transporter.
 14348 | Gauntlet | Noticed a blizzard demon
 14354 | Gauntlet | Found a transporter.
 14354 | Gauntlet | Found a transporter.
 14369 | Gauntlet | Found a transporter.
 14369 | Gauntlet | Noticed a catoblepas
 14377 | Gauntlet | Found a transporter.
 14419 | Gauntlet | Found a transporter.
 14444 | Gauntlet | Found a transporter.
 14446 | Gauntlet | Found a transporter.
 14546 | Gauntlet | Found a transporter.
 14662 | Gauntlet | Found a transporter.
 14692 | Gauntlet | Killed from afar by a smoke demon

Illustrated notes

Levels and vault maps discovered:
D:1:      elethiomel_arrival_infinity_welcomes_careful_drivers, layout_rooms
D:2:      layout_basic, first_ration, trog_three_pillars_becter
D:3:      layout_basic, serial_glass, glass_columns_c, glass_columns_a
D:4:      layout_basic
D:5:      layout_loops_corners, minitemple, serial_shops, shop_statue
D:6:      layout_loops_ring, minmay_temple_entry_butterflies,
          grunt_decor_one_mirror, minmay_fractal_squares_gapless_5,
          uniq_crazy_yiuf_cottage, uniq_grinder, uniq_prince_ribbit1
D:7:      layout_loops_cross, marbit_many_paths, grunt_ogre_cave,
          nicolae_qazlal_general_emergency, uniq_harold, uniq_joseph
D:8:      layout_basic, ashenzari_altar_1
D:9:      layout_loops_cross, due_lair_maze_entry_diamond
Temple:   zaba_magenta_temple
Lair:1:   layout_gridlike, portal_ice_cave_entry_ice_beasts,
          beast_lair_carwin_11
Lair:2:   beast_lair_carwin_large_3, layout_regular_city, swamp_mist_pool,
          enter_volcano_1, gauntlet_entry_generic
Gauntlet: gammafunk_gauntlet_one_two_three
          [gammafunk_gauntlet_arena_split_diamond,
          gammafunk_gauntlet_arena_open, gammafunk_gauntlet_arena_crates,
          gammafunk_gauntlet_arena_split_x, nicolae_gauntlet_arena_grate_2,
          nicolae_gauntlet_arena_x, nicolae_gauntlet_arena_quarters,
          nicolae_gauntlet_arena_blocks, nicolae_gauntlet_arena_t_cross,
          gauntlet_exit_green]

Skill      XL: |  1  2  3  4  5  6  7  8  9 10 11 |
---------------+----------------------------------+-----
Earth Magic    | 3 5 6 7 |  7.4
Short Blades   | 1 2 4 5 6 |  6.1
Spellcasting   | 3 4 5 8 |  8.4
Dodging        | 4 7 8 9 10 11 | 11.0
Conjurations   | 1 2 3 4 |  4.2
Fighting       | 1 2 3 4 |  4.1
Stealth        | 5 6 |  6.0
Transmutations | 2 4 |  4.5
Staves         | 2 4 |  4.8
Poison Magic   | 2 |  2.0
Air Magic      | 2 |  2.0

Action                   |  1- 3 |  4- 6 |  7- 9 | 10-12 || total
-------------------------+-------+-------+-------+-------++-------
Melee: Unarmed           |    41 |       |       |       ||    41
       Short sword       |    17 |       |       |       ||    17
       Dagger            |    31 |    54 |   170 |       ||   255
       Quarterstaff      |       |       |    94 |   186 ||   280
Throw: Dart              |       |    10 |    37 |    11 ||    58
       Stone             |       |     1 |       |       ||     1
 Cast: Sandblast         |    23 |    30 |   102 |    29 ||   184
       Stone Arrow       |       |       |    34 |    34 ||    68
       Magic Dart        |       |       |    11 |    12 ||    23
       Lee's Rapid Decon |       |       |     1 |     2 ||     3
       Petrify           |       |       |     1 |       ||     1
       Poisonous Vapours |       |       |       |    33 ||    33
       Mephitic Cloud    |       |       |       |    18 ||    18
Evoke: Wand              |       |       |       |     6 ||     6
  Use: Scroll            |       |       |    10 |     4 ||    14
       Potion            |       |       |       |     4 ||     4
 Stab: Sleeping          |     7 |     6 |    17 |    12 ||    42
       Petrified         |       |       |    11 |       ||    11
       Distracted        |       |       |     1 |       ||     1
       Confused          |       |       |       |    17 ||    17
       Paralysed         |       |       |       |     1 ||     1
  Eat: Ration            |       |     1 |     4 |     3 ||     8
Armor: Robe              |     6 |     5 |    13 |     5 ||    29
Dodge: Dodged            |    67 |    49 |   234 |   141 ||   491
Block: Other             |       |       |     3 |    39 ||    42
